 Dungeon Crawl Stone Soup version 0.28.0 (webtiles) character file.

Game seed: 3518027115770309685

826 Descartes the Skirmisher (level 8, -2/60 HPs)
             Began as a Formicid Warper on Feb 17, 2022.
             Was an Initiate of Gozag.
             Slain by an ogre (30 damage)
             ... on level 6 of the Dungeon.
             The game lasted 00:12:44 (5837 turns).

Descartes the Skirmisher (Formicid Warper)          Turns: 5837, Time: 00:12:45

Health: -2/60      AC: 10    Str: 18    XL:     8   Next: 17%
Magic:  13/13      EV:  7    Int: 13    God:    Gozag
Gold:   371        SH:  3    Dex: 10    Spells: 14/14 levels left

rFire   . . .      SeeInvis +   I - +2 spear (freeze)
rCold   . . .      Faith    .   n - +0 buckler
rNeg    . . .      Spirit   .   H - +0 chain mail
rPois   .          Reflect  .   (helmet unavailable)
rElec   .          Harm     .   (no cloak)
rCorr   .          Rampage  .   z - +0 pair of gloves
Will    .....                   (no boots)
Stlth   ..........              a - amulet of regeneration
HPRegen 1.00/turn               (no ring)
MPRegen 0.13/turn               (no ring)

@: no status effects
A: permanent stasis, dig shafts and tunnels, antennae 3, four strong arms
a: Dig, Shaft Self, Renounce Religion, Potion Petition, Call Merchant, Bribe
Branch


You were on level 6 of the Dungeon.
You worshipped Gozag.
Gozag was aware of your devotion.
You visited 2 branches of the dungeon, and saw 7 of its levels.

You collected 559 gold pieces.
You spent 139 gold pieces at shops.
You paid 49 gold pieces to Gozag.

Inventory:

Hand Weapons
 m - a +1 short sword of venom
 u - a +0 hand crossbow
 B - a +0 vorpal hand axe
 I - a +2 spear of freezing (weapon)
Missiles
 c - 5 boomerangs of dispersal (quivered)
 d - 72 stones
 s - 16 sling bullets
 w - 3 poisoned darts
 y - 60 arrows
 J - a throwing net
Armour
 n - a +0 buckler (worn)
 z - a +0 pair of gloves (worn)
 H - a +0 chain mail (worn)
Jewellery
 a - an amulet of regeneration (around neck)
Scrolls
 e - a scroll of fear {unknown}
 f - a scroll of brand weapon {unknown}
 h - 2 scrolls of immolation {unknown}
 k - 7 scrolls of identify {unknown}
 p - a scroll of magic mapping {unknown}
 r - 3 scrolls of enchant armour {unknown}
 t - a scroll of holy word {unknown}
 v - 3 scrolls of amnesia {unknown}
 x - 2 scrolls of vulnerability {unknown}
 C - 3 scrolls of teleportation {unknown}
 F - a scroll of silence {unknown}
Potions
 b - a potion of degeneration {unknown}
 g - 2 potions of ambrosia {unknown}
 i - 3 potions of brilliance {unknown}
 j - 2 potions of curing {unknown}
 l - 2 potions of might {unknown}
 o - 5 potions of flight {unknown}
 q - a potion of haste
 D - a potion of invisibility {unknown}
 E - 4 potions of cancellation {unknown}


   Skills:
 + Level 4.1 Fighting
 - Level 1.3 Short Blades
 - Level 2.1(2.6) Axes
 + Level 2.2(2.6) Polearms
 + Level 3.2 Throwing
 + Level 3.3 Armour
 + Level 3.3 Dodging
 + Level 1.5 Shields
 + Level 3.8 Spellcasting
 + Level 4.0 Translocations


You had 14 spell levels left.
You didn't know any spells.
Your spell library contained the following spells:

 Spells                   Type           Power      Damage    Failure   Level
 Gell's Gravitas          Tloc           12%        N/A       90%         3
 Lesser Beckoning         Tloc           12%        N/A       90%         3
 Teleport Other           Tloc           12%        N/A       90%         3
 Foxfire                  Conj/Fire      8%         2x1d4     98%         1
 Magic Dart               Conj           8%         1d3       98%         1
 Call Imp                 Summ           2%         N/A       99%         2
 Scorch                   Fire           4%         2d5       99%         2
 Conjure Flame            Conj/Fire      2%         6-21      100%        3
 Inner Flame              Hex/Fire       2%         N/A       100%        3
 Mephitic Cloud           Conj/Pois/Air  2%         N/A       100%        3
 Tukima's Dance           Hex            2%         N/A       100%        3
 Anguish                  Hex/Necr       1%         N/A       100%        4
 Flame Wave               Conj/Fire      2%         2d4       100%        4
 Iskenderun's Battlesphe  Conj           2%         2d6       100%        5
 Manifold Assault         Tloc           12%        N/A       100%        5
 Iron Shot                Conj/Erth      1%         9d1       100%        6
 Summon Cactus Giant      Summ           1%         N/A       100%        6
 Enfeeble                 Hex            1%         N/A       100%        7
 Spellforged Servitor     Conj/Summ      1%         N/A       100%        7
 Blink                    Tloc           Unusable   N/A       N/A         2

Dungeon Overview and Level Annotations

Branches:
Dungeon (6/15)             Temple (1/1) D:4

Altars:
Ashenzari
Cheibriados
Elyvilon
Gozag
Hepliaklqana
Makhleb
Nemelex Xobeh
Okawaru
Qazlal
Ru
Sif Muna
Trog
Wu Jian
Xom
The Shining One

Shops:
D:6 *


Innate Abilities, Weirdness & Mutations

You cannot be hasted, slowed, berserked, paralysed or teleported.
You can dig through walls and to a lower floor.
You have a pair of large antennae on your head. (SInv)
Your four strong arms can wield two-handed weapons with a shield.


Message History

The killer bee zombie hits you but does no damage.
You see here 6 gold pieces.
You hit the killer bee zombie but do no damage.
The killer bee zombie is moderately damaged.
The killer bee zombie hits you but does no damage. x2
You hit the killer bee zombie.
The killer bee zombie is heavily damaged.
The killer bee zombie closely misses you. x2
You barely miss the killer bee zombie.
The killer bee zombie is heavily damaged.
The killer bee zombie completely misses you.
The killer bee zombie barely misses you.
You puncture the killer bee zombie!
The killer bee zombie is almost destroyed.
The killer bee zombie hits you but does no damage.
The killer bee zombie hits you.
You hit the killer bee zombie.
You destroy the killer bee zombie!
Your Translocations skill increases to level 4!
You now have 365 gold pieces (gained 8).
You now have 371 gold pieces (gained 6).
You see here a +0 mace.
An ogre comes into view. It is wielding a +0 giant spiked club.
The ogre shouts!
You reach to attack!
You hit the ogre. You freeze the ogre.
The ogre is moderately wounded.
You hit the ogre. You freeze the ogre.
The ogre is heavily wounded.
The ogre hits you with a +0 giant spiked club!!
You reach to attack!
You hit the ogre. You freeze the ogre.
The ogre is severely wounded.
You hit the ogre but do no damage.
The ogre is severely wounded.
The ogre hits you with a +0 giant spiked club!!
You hit the ogre. You freeze the ogre.
The ogre is almost dead.
The ogre hits you with a +0 giant spiked club!!
Ouch! That really hurt!
You die...
Your body crumbles into a pile of gold.

#...####..# #........##
#....##..####.........#
#.......###...##......#
##..........#####........
##........## #........
#.......## .........
##.......####..........
##.......O#...#.....##. #
#.........@..###....#
.####......##[..## .....
#..#............###.....
##..............#.....
#.......##...........
#.#....####.........#
##.#....####.........# #...#
###..##......#.........#####...
........####.............##....


You could see an ogre.

Vanquished Creatures
  2 scorpions
  2 howler monkeys
  4 hounds (D:5)
  An orc priest (D:4)
  A jelly (D:5)
  A bullfrog skeleton (D:6)
  2 iguanas
  Natasha (thrice) (D:4)
  An orc wizard (D:5)
  A killer bee zombie (D:6)
  A hound zombie (D:5)
  A mummy (D:5)
  A howler monkey zombie (D:5)
  8 gnolls
  5 adders
  A howler monkey skeleton (D:5)
  A shadow imp (D:4)
  A white imp (D:5)
  2 worms (D:2)
  8 orcs
  2 endoplasms
  A giant cockroach (D:2)
  3 goblins
  8 jackals (D:4)
  7 kobolds
  4 quokkas
  5 ball pythons
  2 bats
  5 frilled lizards
  2 hobgoblin zombies (D:5)
  2 orc zombies (D:5)
  7 rats
95 creatures vanquished.

Notes
Turn   | Place    | Note
-------+----------+-------------------------------------------
     0 | D:1      | Descartes the Formicid Warper began the quest for the Orb.
     0 | D:1      | Reached XP level 1. HP: 16/16 MP: 3/3
   156 | D:1      | Found a faded altar of an unknown god.
   274 | D:1      | Reached XP level 2. HP: 20/22 MP: 5/5
  1475 | D:2      | Reached XP level 3. HP: 28/28 MP: 6/6
  2556 | D:3      | Found a burning altar of Makhleb.
  3183 | D:4      | Found a hazy altar of Hepliaklqana.
  3258 | D:4      | Reached XP level 4. HP: 26/34 MP: 7/7
  3401 | D:4      | Noticed Natasha
  3408 | D:4      | Killed Natasha
  3409 | D:4      | Reached skill level 1 in Short Blades
  3605 | D:4      | Reached XP level 5. HP: 35/40 MP: 9/9
  3738 | D:4      | Found a staircase to the Ecumenical Temple.
  3742 | D:4      | Reached XP level 6. HP: 38/47 MP: 10/10
  3760 | Temple   | Entered the Ecumenical Temple
  3820 | Temple   | Became a worshipper of Gozag Ym Sagoz the Greedy
  4177 | D:4      | Noticed Natasha
  4188 | D:4      | Killed Natasha
  4243 | D:5      | Entered Level 5 of the Dungeon
  4264 | D:5      | Reached skill level 1 in Polearms
  4390 | D:5      | Reached XP level 7. HP: 49/52 MP: 11/11
  4704 | D:4      | Noticed Natasha
  4712 | D:4      | Killed Natasha
  4827 | D:5      | Found a glowing golden altar of the Shining One.
  5143 | D:5      | Reached skill level 1 in Shields
  5222 | D:5      | Reached XP level 8. HP: 55/60 MP: 13/13
  5395 | D:6      | Found a sparkling altar of Nemelex Xobeh.
  5444 | D:6      | Found a stormy altar of Qazlal.
  5526 | D:6      | Found Yvakh's Assorted Antiques.
  5534 | D:6      | Bought a scroll labelled UZXOUM NUCRYO for 29 gold pieces
  5534 | D:6      | Bought a scroll labelled NELABA OPOL for 29 gold pieces
  5534 | D:6      | Bought a sapphire potion for 26 gold pieces
  5534 | D:6      | Bought a scroll labelled UZXOUM NUCRYO for 29 gold pieces
  5534 | D:6      | Bought a smoky cyan potion for 26 gold pieces
  5757 | D:6      | Identified the +0 helmet of the Lobster {rF+ Int+3}
  5837 | D:6      | Slain by an ogre

Illustrated notes

Levels and vault maps discovered:
D:1:      erik_arrival_orb_chamber, layout_basic,
          shapermc_ecumenical_altar_pompeii
D:2:      layout_basic
D:3:      layout_loops_ring, lemuel_coloured_pillars_altar, minivault_14
D:4:      layout_loops_ring, nicolae_overflow_hidden_temple,
          minmay_temple_entry_junction, uniq_natasha
D:5:      layout_gridville, mainiacjoe_overflow_alcove_1, st_stairs_8,
          minmay_misc_feat_enclosed, amethyst_killhole, minmay_mini_ossuary
D:6:      layout_layer_cave, mainiacjoe_overflow_surrounded_room,
          mainiacjoe_overflow_boulevard, mainiacjoe_overflow_paths,
          serial_shops, shop
Temple:   eino_wide_crystal_templ

Skill      XL: |  1  2  3  4  5  6  7  8 |
---------------+-------------------------+-----
Dodging        | 2 3 |  3.3
Translocations | 3 4 |  4.0
Short Blades   | 1 |  1.3
Throwing       | 2 3 |  3.2
Armour         | 2 3 |  3.3
Fighting       | 3 4 |  4.1
Spellcasting   | 3 |  3.8
Polearms       | 1 2 |  2.2
Shields        | 1 |  1.5
Axes           | |  2.1

Action                   |  1- 3 |  4- 6 |  7- 9 || total
-------------------------+-------+-------+-------++-------
Melee: Hand axe          |    47 |       |       ||    47
       Short sword       |    72 |    70 |       ||   142
       Punch             |     1 |     5 |       ||     6
       Spear             |       |   106 |   158 ||   264
 Abil: Dig               |     1 |       |       ||     1
Armor: Leather armour    |    35 |    10 |       ||    45
       Ring mail         |       |     2 |       ||     2
       Chain mail        |       |    42 |    82 ||   124
Dodge: Dodged            |    60 |    70 |    58 ||   188
Block: Buckler           |       |       |     7 ||     7
